[Event "Bangabandhu Premier Div League 2022"]
[Site "Dhaka"]
[Date "2022.12.01"]
[Round "2.7"]
[White "Abdul, Momin"]
[Black "Mitrabha, Guha"]
[Result "0-1"]
[ECO "B15"]
[WhiteElo "1900"]
[BlackElo "2474"]
[Annotator "TA"]
[PlyCount "66"]
[EventDate "2022.11.30"]
[EventType "team-tourn"]
[EventCountry "BAN"]
[SourceTitle "playchess.com"]
[Source "ChessBase"]
[SourceQuality "1"]
[TimeControl "40/5400+30:1800+30"]

1. e4 c6 2. d4 d5 3. Nc3 dxe4 4. Nxe4 Nf6 5. Ng3 h5 6. h4 Bg4 7. N1e2 {[%emt 0:03:43][%cal Bg1e2,Be2c1,Bc1d3][%mdl 32] B15: Caro-Kann: 3 Nc3: 3...g6 and 3...dxe4 4 Nxe4 Nf6 5 Nxf6+ exf6.} Na6 8. c3 {[%emt 0:01:34] [#] Against e5} Nc7 $146 ({Predecessor:} 8... Qd7 9. Qc2 O-O-O 10. Bg5 Nd5 11. O-O-O f6 12. Bd2 g6 13. f3 Bf5 14. Nxf5 Qxf5 15. Qxf5+ gxf5 {½-½ (40) Susimaa,H-Puhakka,E Finland 1988}) 9. Bg5 {[%emt 0:01:23] White is slightly better.} (9. Qb3 $5 ) 9... Ncd5 10. Qd2 g6 11. Nc1 Qd6 12. Bc4 Bg7 (12... Nh7 {is interesting.} 13. Nd3 Nxg5 14. hxg5 Bg7) 13. O-O O-O (13... Nh7 $1 $11) 14. Nd3 Nh7 15. Ne4 (15. Bh6 $1 $16) 15... Qc7 16. Bh6 Bf5 17. Bxg7 (17. f3 {with more complications.} a5 18. Rae1 Nb6 19. b3) 17... Kxg7 18. Ng3 {[%emt 0:02:52] Black must now prevent Nxf5+.} (18. Rae1 {keeps more tension.} Nhf6 19. f3 Rae8 20. Ne5) 18... Bxd3 19. Bxd3 Rad8 20. Rae1 c5 (20... Nf4 $11) 21. c4 (21. Re5 $1 $14 Rh8 22. Bc2 (22. c4 Ndf6 $11)) 21... Qf4 22. Qxf4 Nxf4 23. Bb1 cxd4 24. Rxe7 Nf6 25. Rxb7 Rfe8 (25... Ng4 $5 ) 26. Rxa7 $2 {[%emt 0:02:23][%mdl 8192] [#] Loses the game.} (26. f3 $1 $14 {stays ahead.}) 26... d3 $1 $19 {[%emt 0:00:00] ...Ne2+ is the strong threat.} 27. f3 d2 {[%emt 0:01:00][%mdl 1024] Black has strong compensation.} 28. Bc2 {[%emt 0:00:28] Prevents d1Q.} Re1 29. Bd1 {[%emt 0:36:17] [#]} Rde8 $1 {[%emt 0:00:30][%cal Oe1d1] Strongly threatening ...Rxd1!} 30. Bb3 (30. Kh2) 30... Rb8 31. Ba4 Rb4 {[%emt 0:00:30][%cal Ob4a4] ( -> ...Rxa4!)} 32. Ra6 {[%emt 0:00:00] [#]} Rxa4 $1 33. Rd6 {[%emt 0:00:00] [#]} (33. Rxf6 Rxf1+) 33... N6d5 $1 {[%emt 0:00:00][%mdl 512] Weighted Error Value: White=0.64/Black=0.17 (very precise)} 0-1

[Event "Bangabandhu Premier Div League 2022"]
[Site "Dhaka"]
[Date "2022.12.01"]
[Round "2.8"]
[White "Chatterjee, Debaraj"]
[Black "Jannatul, Ferdous"]
[Result "1-0"]
[ECO "E01"]
[WhiteElo "2196"]
[BlackElo "1861"]
[Annotator "TA"]
[PlyCount "100"]
[EventDate "2022.11.30"]
[EventType "team-tourn"]
[EventCountry "BAN"]
[SourceTitle "playchess.com"]
[Source "ChessBase"]
[SourceQuality "1"]
[TimeControl "40/5400+30:1800+30"]

1. d4 d5 2. c4 e6 3. Nf3 Nf6 4. g3 c6 5. Bg2 Bd6 6. O-O O-O 7. Nbd2 Nbd7 8. Qc2 e5 9. cxd5 cxd5 10. dxe5 Nxe5 11. Nxe5 Bxe5 12. Nf3 Bd6 13. Rd1 {[%emt 0:03:23] E01: Catalan: Early deviations.} h6 14. Nd4 {[%emt 0:10:35] [#]} Be6 $146 ({Predecessor:} 14... Qb6 15. Qb3 Bc5 16. Qxb6 Bxb6 17. Be3 Ng4 18. Bf4 g5 19. Bd6 Rd8 20. Bb4 Ne5 {½-½ (121) Baules Rodriguez,J (2317)-Al Qudaimi,B (2396) Tromsoe 2014}) 15. Qb3 {[%emt 0:11:25] White is slightly better.} Qe7 16. Be3 a6 17. Qd3 (17. Rac1 {simplifies} Rac8 18. Rxc8 Rxc8 19. Nxe6 fxe6 20. Bd4) 17... Ng4 {[%emt 1:16:12] [#]} 18. Bf4 (18. Bxd5 $1 $14 Nxe3 19. Qxe3 Bxd5 20. Qxe7 Bxe7 21. Nf5) 18... Bxf4 $11 19. gxf4 Qh4 (19... Nf6 $11) 20. Qg3 $14 Qxg3 21. hxg3 Nf6 22. Nc2 Rfd8 23. Ne3 g6 {[%emt 0:00:00] Against f5} 24. Rd4 Rac8 25. Rad1 b5 26. Bf3 Kf8 27. g4 ({Much worse is} 27. Bxd5 Nxd5 28. Nxd5 Rxd5 29. Rxd5 Bxd5 30. Rxd5 Rc2 $11) ({But not} 27. Nxd5 Rxd5 28. Rxd5 (28. Bxd5 Nxd5 29. Rxd5 Bxd5 $11) 28... Bxd5 29. Bxd5 Nxd5 30. Rxd5 Rc1+ 31. Kg2 Rc2 $11) 27... Ke7 28. f5 {[%emt 0:00:00] White is more active.} (28. Bxd5 Nxd5 29. Nxd5+ Bxd5 30. Rxd5 Rxd5 31. Rxd5 Rc2 $15) 28... gxf5 29. gxf5 ({Stronger than} 29. Bxd5 Nxd5 30. Nxd5+ Bxd5 31. Rxd5 Rxd5 32. Rxd5 fxg4 $17) 29... Bd7 30. Nxd5+ (30. Bxd5 $16 Bc6 31. Bb3) 30... Nxd5 $11 31. Rxd5 {[%emt 0:03:05][%cal Of5f6] aiming for f6+!} Bxf5 32. Rxd8 Rxd8 33. Rxd8 Kxd8 $16 {[%emt 0:00:00][%mdl 4096] Endgame KB-KB} 34. b4 Kc7 35. Kg2 Kb6 (35... Kd6 $11) 36. Kg3 {[%emt 0:00:05] White now steadily converts the win.} f6 (36... Kc7 $16) 37. Kf4 ({White should try} 37. Kh4 $1 $18 ) 37... Bg6 {[%emt 0:00:00] [#]} (37... Be6 $14) 38. a3 (38. e4 $1 $16) 38... Bh7 {[%emt 0:05:22] [#]} (38... Kc7 $1 $14) 39. Bh5 (39. e4 $1 $18) 39... a5 $2 (39... Kc6 $16 {is tougher.}) 40. Be8 $18 axb4 41. axb4 Bc2 42. e4 {[%emt 0:00:00][%cal Be2e4,Be4e5][%mdl 32] White threatens Kf5 and mate.} Bd3 (42... Kc7 $18 43. Bxb5 Bd1) 43. Kf5 Kc7 44. Bg6 Be2 45. Kxf6 {[%emt 0:00:00] White mates.} h5 46. Kg5 Bf3 47. e5 Kc6 48. Bxh5 Bd5 49. f4 Bg8 50. Be8+ Kd5 {[%emt 0:01:26] Weighted Error Value: White=0.17 (very precise) /Black=0.63} 1-0

[Event "Bangabandhu Premier Div League 2022"]
[Site "Dhaka"]
[Date "2022.12.01"]
[Round "2.8"]
[White "Bappi, A.b."]
[Black "Asif, Mahmud"]
[Result "1/2-1/2"]
[ECO "A22"]
[WhiteElo "1846"]
[BlackElo "1926"]
[Annotator "TA"]
[PlyCount "84"]
[EventDate "2022.12.01"]
[EventCountry "BAN"]
[SourceTitle "playchess.com"]
[Source "ChessBase"]
[SourceQuality "1"]
[TimeControl "40/5400+30:1800+30"]

1. c4 e5 2. Nc3 Nf6 3. e4 Bc5 4. Be2 d6 5. d3 c6 {[%emt 1:28:30] [#]} 6. Bf3 $146 {[%emt 1:30:47] A22: English Opening: 1...e5 2 Nc3 Nf6.} ({Predecessor:} 6. Be3 Bxe3 7. fxe3 Qb6 8. Qd2 Ng4 9. Bxg4 Bxg4 10. h3 Be6 11. Nf3 Nd7 12. O-O O-O 13. Ng5 {½-½ (62) Kelmendi,B (1942)-Headlong,F (1756) England 2019}) 6... O-O 7. Nge2 Re8 8. O-O a5 9. Bg5 h6 10. Be3 Bxe3 11. fxe3 Ng4 12. Qd2 Qg5 13. Nd1 h5 14. Bxg4 Bxg4 15. Ng3 g6 16. Nf2 Be6 17. Kh1 Nd7 18. Ne2 Kg7 19. Ng1 Qe7 20. b3 Nf6 21. d4 Ng4 22. Nf3 a4 23. h3 Nxf2+ 24. Qxf2 exd4 25. exd4 c5 26. Rae1 {[%emt 0:00:00] Black must now prevent d5.} axb3 (26... cxd4 {seems wilder.} 27. Nxd4 Bd7 28. Re3 axb3 29. axb3 Ra5) 27. axb3 {[%emt 0:01:30] d5 is the strong threat.} cxd4 28. Qxd4+ (28. Qg3 {with more complications.} d3 29. Re3 Bd7 30. Rxd3 Bc6 31. Nh4) 28... Kg8 29. Rf2 Ra3 30. Rb2 Rea8 {[%emt 0:00:00] The position is equal.} 31. Kh2 Ra2 32. Rxa2 Rxa2 33. Rd1 Ra3 34. Ra1 Rxa1 35. Qxa1 $11 {[%emt 0:00:00][%mdl 4096] Endgame KQB-KQN} Bd7 36. e5 Bc6 37. exd6 (37. Qa8+ Kh7 38. Qa5 Bxf3 39. gxf3 Qxe5+ 40. Qxe5 dxe5 $19) 37... Qxd6+ 38. Qe5 Qd3 39. Qb8+ Kg7 40. Ne5 Qe4 {[%emt 0:00:42][%csl Gc6][%cal Re4g2] [#]} (40... Qxb3 $2 41. Nxc6 Qxc4 42. Na5 $18 (42. Qxb7 Qf4+ 43. Kh1 Qf1+ 44. Kh2 Qf4+ 45. Kh1 Qf1+ 46. Kh2 Qf4+ $11) (42. Ne7 Qc5 $11)) 41. Nxc6 bxc6 42. Qc7 h4 {[%emt 0:01:57] Weighted Error Value: White=0.07 (flawless) /Black=0.09 (flawless)} 1/2-1/2

[Event "Bangabandhu Premier Div League 2022"]
[Site "Dhaka"]
[Date "2022.12.01"]
[Round "2.9"]
[White "Anata, Choudhury"]
[Black "Murshed, Niaz"]
[Result "1-0"]
[ECO "C16"]
[WhiteElo "2176"]
[BlackElo "2419"]
[Annotator "TA"]
[PlyCount "53"]
[EventDate "2022.11.30"]
[EventType "team-tourn"]
[EventCountry "BAN"]
[SourceTitle "playchess.com"]
[Source "ChessBase"]
[SourceQuality "1"]
[TimeControl "40/5400+30:1800+30"]

1. e4 e6 2. d4 d5 3. Nc3 Bb4 4. e5 Ne7 5. a3 Bxc3+ 6. bxc3 b6 7. Qg4 Kf8 8. h4 Ba6 {[%emt 0:00:07] C16: French: 3 Nc3 Bb4 4 e5: Lines without ...c5.} 9. h5 {[%emt 0:00:36] Black must now prevent h6.} h6 $1 10. Nf3 Bxf1 {[%emt 0:05:31] The position is equal.} 11. Kxf1 {[%emt 0:00:08] [#]} c5 $146 ({Predecessor:} 11... Nbc6 12. Nh4 Qd7 13. Qf4 Ke8 14. Rh3 Nd8 15. a4 c5 16. g4 Qb7 17. Kg1 Rc8 18. Ba3 cxd4 19. cxd4 Rc4 20. a5 {½-½ (20) Niehaus,F (2208)-Albrecht,R (2110) Berlin 2012}) 12. Nh4 cxd4 (12... Qc7 $5 ) 13. Rh3 (13. cxd4 $11 Qc7 14. Qd1) 13... Nbc6 (13... dxc3 $1 $17 {aiming for ...Nd7.} 14. a4 Nd7) 14. cxd4 $11 Qd7 15. Rg3 Rg8 16. a4 Rc8 17. Rf3 $40 {[%emt 0:47:27][%mdl 128] Black needs to defend precisely.} (17. c3 {simplifies} Ke8 18. Kg1 Na5 19. Qd1) 17... Nxd4 18. Ng6+ (18. Qxd4 $11 Rc4 19. Ng6+ Nxg6 20. Qd3) 18... Nxg6 $15 19. Qxd4 Ne7 20. Ba3 {[%emt 0:02:27] Strongly threatening Qf4.} Ke8 (20... Rxc2 $2 21. Qf4 Qe8 22. Rc1 Rxc1+ 23. Qxc1 $18) (20... g5 $1 $17 {Threatens to win with ...Rc4.} 21. hxg6 Rxg6) 21. Qd3 (21. Qf4 Nf5 22. Rd1 Qb7 $17) 21... Qxa4 {[%emt 0:01:50] Hoping for ...g6.} 22. Kg1 (22. g3 $1 $15) 22... a5 $2 (22... Qxc2 23. Qxc2 Rxc2 24. Bxe7 Kxe7 25. Rxa7+ Kd8 26. Rfxf7 $18) (22... g6 $17 23. Bb2 Qd7) 23. Rb1 Nf5 $2 (23... Rxc2 $2 24. Rxb6 Qc4 25. Rb8+ Kd7 26. Rb7+ Kc6 27. Qxc4+ dxc4 28. Rxe7 $18) (23... Qxc2 $11 {and Black is okay.} 24. Qxc2 Rxc2 25. Rxb6 Rc7) 24. Rxb6 $2 (24. Qa6 $18 {[%cal Ra6c8] is more deadly.} Qc4 25. Qxb6) 24... g6 $2 (24... Rxc2 25. Rxf5 Qc4 26. Rb8+ Kd7 27. Rxf7+ (27. Rxg8 $2 {loses.} Qxd3 28. Rxf7+ Kc6 $19) 27... Kc6 {[#]} 28. Rbb7 $1 (28. Rxg8 $2 {is the wrong capture.} Qxd3 29. Rf3 Qe2 $19) 28... Rc8 29. Qg6 Rc1+ 30. Bxc1) (24... Qxc2 {is a self mate.} 25. Qb5+ Kd8 26. Rxf5 $1 Rc7 27. Qa6 $1) (24... Qc4 $16) 25. Qa6 $18 Qd7 26. Rb7 Qa4 {[%emt 0:00:05] [#]} 27. Rxf5 $1 {[%emt 0:02:13][%mdl 576] Weighted Error Value: White=0.47/Black=0.94} 1-0

[Event "Bangabandhu Premier Div League 2022"]
[Site "Dhaka"]
[Date "2022.12.01"]
[Round "2.10"]
[White "Pantsulaia, Levan"]
[Black "Koustav Chatterjee"]
[Result "0-1"]
[ECO "A13"]
[WhiteElo "2597"]
[BlackElo "2496"]
[Annotator "TA"]
[PlyCount "68"]
[EventDate "2022.11.30"]
[EventType "team-tourn"]
[EventCountry "BAN"]
[SourceTitle "playchess.com"]
[Source "ChessBase"]
[SourceQuality "1"]
[TimeControl "40/5400+30:1800+30"]

1. c4 Nf6 2. Nf3 e6 3. g3 d5 4. Bg2 d4 5. O-O c5 6. e3 Nc6 7. exd4 cxd4 8. d3 Bd6 {[%emt 0:00:18] A13: English Opening: 1...e6.} 9. Na3 O-O 10. Nc2 e5 {[%emt 0:00:08] The position is equal.} 11. b4 Re8 (11... Bxb4 12. Nxb4 Nxb4 13. Nxe5 $16) 12. c5 Bf8 13. Bg5 Bf5 {[%emt 0:17:04] [#]} ({Black should play} 13... h6 $15 14. Bxf6 Qxf6) 14. Nh4 $146 ({Predecessor:} 14. Re1 a6 15. Nh4 Bd7 16. Nf3 b6 17. cxb6 Rb8 18. Nd2 Rxb6 19. Nc4 Rb8 20. a3 {1-0 (46) Nguyen,P (2199)-Nguyen,V (2407) Hanoi 2021}) 14... Be6 15. f4 h6 {[%emt 0:25:06] Prevents b5.} 16. Bxf6 (16. b5 {is more complex.} hxg5 17. fxg5 Bg4 18. Qe1) 16... Qxf6 17. f5 Bd7 18. Be4 Rab8 19. Qh5 Ne7 (19... Nd8 {simplifies} 20. Nf3 b6 21. cxb6 axb6 22. a4 Nb7) 20. g4 Bc6 (20... Qg5 {simplifies} 21. Qxg5 hxg5 22. Nf3 f6) 21. Ne1 (21. Nf3 $1 $11 {keeps the balance.}) 21... Nd5 $36 {[%emt 0:14:16][%mdl 2048] Keeping White busy.} 22. b5 Nf4 $1 23. Rxf4 exf4 24. bxc6 Rxe4 $1 (24... bxc6 25. Nhf3 $16) 25. dxe4 {[%emt 0:03:49] Loses the game.} (25. g5 $17 Rxe1+ 26. Rxe1 Qxg5+ 27. Qxg5 hxg5 28. cxb7 (28. c7 $2 Rc8 $19) 28... Bxc5 29. Nf3 Rxb7 30. Re8+ Bf8 31. Nxg5) 25... d3 $1 $19 26. Rd1 {[%emt 0:01:51] Threatens to win with c7.} Qd4+ $1 27. Kh1 {[%emt 0:05:27] And now c7 would win.} Qxe4+ 28. Nef3 {[%emt 0:02:11] Hoping for c7.} Qe2 $1 (28... bxc6 29. g5 Qe2 30. Re1 Qxa2 31. g6 fxg6 32. fxg6 $15) 29. Rd2 ({Don't go for} 29. Re1 $2 Qxe1+ $3 30. Nxe1 d2 $19) (29. Rb1 $19 d2 30. Nxd2 Qxd2 31. g5 Qxa2 32. Rg1 hxg5 33. Qxg5 Qd5+ 34. Qg2 Qxc6 35. Qxc6 bxc6 36. Kg2) 29... Qf1+ 30. Ng1 bxc6 ({Worse is} 30... Bxc5 31. Nhf3 Bxg1 32. Nxg1 $17) 31. g5 {[%emt 0:03:13] [#]} Rb1 $1 ({Not} 31... Bxc5 32. Qd1 Qxd1 33. Rxd1 hxg5 34. Nhf3 $17) 32. Nhf3 Bxc5 33. Rg2 Bxg1 34. Rxg1 d2 $1 {[%emt 0:00:23] Weighted Error Value: White=0.38/Black=0.04 (flawless)} 0-1

[Event "Bangabandhu Premier Div League 2022"]
[Site "Dhaka"]
[Date "2022.12.01"]
[Round "2.11"]
[White "Mohammad Nubairshah Shaikh"]
[Black "Rakhmanov, Aleksandr"]
[Result "0-1"]
[ECO "D31"]
[WhiteElo "2439"]
[BlackElo "2630"]
[Annotator "TA"]
[PlyCount "96"]
[EventDate "2022.11.30"]
[EventType "team-tourn"]
[EventCountry "BAN"]
[SourceTitle "playchess.com"]
[Source "ChessBase"]
[SourceQuality "1"]
[TimeControl "40/5400+30:1800+30"]

1. d4 d5 2. c4 e6 3. Nc3 a6 4. cxd5 exd5 5. Bf4 Nf6 6. e3 {[%emt 0:00:15] D31: Queen's Gambit Declined: Semi-Slav without ...Nf6 (+ Marshall Gambit and Noteboom) and Exchange Variation lines without ...Nf6.} Bd6 7. Bxd6 Qxd6 8. Bd3 {[%emt 0:00:03] The position is equal.} O-O 9. Rc1 Bg4 10. Nge2 Re8 (10... Bxe2 {simplifies} 11. Nxe2 Re8 12. O-O Nbd7) 11. O-O Nbd7 {[%emt 0:04:26] [#]} 12. Qc2 $146 ({Predecessor:} 12. h3 Bh5 13. Qc2 Bg6 14. Nf4 Bxd3 15. Nxd3 c6 16. Na4 Qe7 17. Nac5 Nxc5 18. Nxc5 {½-½ (32) Kokkalis,V (2140)-Simeonidis,I (2197) Chania 2018}) 12... Bxe2 13. Qxe2 c6 14. Bf5 g6 15. Bxd7 Nxd7 16. Na4 Re4 17. Qf3 Rae8 18. Nc5 Nxc5 19. Rxc5 f5 20. g3 {[%emt 0:01:33] Inhibits f4.} Qe6 (20... Rf8 $5 ) 21. h4 Rg4 22. Kg2 Rf8 23. Rc3 {[%emt 0:05:50] Against f4} h6 24. Re1 (24. Qd1 $5 Qd6 $8 25. Rh1 $11) 24... Kg7 (24... Rxd4 25. exd4 Qxe1 26. Re3 $16) 25. Rcc1 (25. Qd1 $5 Qd6 $8 26. Rh1 $11) 25... Qd7 26. Kf1 Re4 27. Kg2 Rg4 28. Kf1 Re4 29. Kg2 Rfe8 30. a4 Qf7 31. Rh1 (31. b4 {seems wilder.} g5 32. hxg5 hxg5 33. Rh1) 31... Qf8 (31... a5 {simplifies} 32. Rb1 R4e7 33. b4 axb4 34. Rxb4 Ra8) 32. b4 Qxb4 33. h5 g5 34. Rb1 Qe7 (34... Qf8 35. Rxb7+ R8e7 36. Rb6 $18) 35. Qxf5 Re6 {[%emt 0:06:19] Prevents Qg6+.} 36. Rb6 Rf8 37. Qb1 Rf7 38. Rd1 Qf6 39. Rd2 Ree7 40. Rdb2 g4 41. a5 Kf8 {[%emt 0:04:04] Threatens to win with ...Qf3+.} 42. Kg1 (42. Rxb7 $2 {loses.} Rxb7 43. Rxb7 Qxf2+ 44. Kh1 Qf3+ 45. Kh2 Qe2+ 46. Kg1 Qxe3+ 47. Kh1 Qe4+ 48. Qxe4 dxe4 $19) 42... Qf3 {[%emt 0:02:33] And now ...Rf5 would win.} 43. Qc2 {[%emt 0:06:51] [#]} (43. Qg6 $11 Rf6 44. Qd3) 43... Rxe3 $1 $15 44. Qd2 {[%emt 0:00:11] Against Re1+} (44. fxe3 $2 {gets mated.} Qf1+ 45. Kh2 Qh3+ 46. Kg1 Rf1#) 44... Rd3 $40 {[%emt 0:04:34][%mdl 128] Black attacks with force. Black is more active.} 45. Qxh6+ Kg8 {[%emt 0:01:46] ( -> ...Rd1+)} 46. Rd2 {[%emt 0:00:26] aiming for Qg6+.} (46. Rxb7 $2 {is a self mate.} Rd1+ 47. Kh2 Qh1#) 46... Qf5 {[%emt 0:07:09][%cal Od3g3] Hoping for ...Rxg3+! Chess con chili.} 47. Re2 $2 (47. Qg6+ $17 Qxg6 48. hxg6 Rxd2 49. gxf7+ Kxf7 50. Rxb7+ Ke6 51. Ra7) 47... Rd1+ 48. Kh2 {[%emt 0:00:01] [#]} Qxf2+ $1 {[%emt 0:00:08][%mdl 512] Weighted Error Value: White=0.14 (very precise) /Black=0.03 (flawless)} 0-1

[Event "Bangabandhu Premier Div League 2022"]
[Site "Dhaka"]
[Date "2022.12.01"]
[Round "2.12"]
[White "Zia, Tahsin Tajwar"]
[Black "Ikramul, Haq Siam"]
[Result "1/2-1/2"]
[ECO "D15"]
[WhiteElo "2241"]
[BlackElo "2099"]
[Annotator "TA"]
[PlyCount "60"]
[EventDate "2022.11.30"]
[EventType "team-tourn"]
[EventCountry "BAN"]
[SourceTitle "playchess.com"]
[Source "ChessBase"]
[SourceQuality "1"]
[TimeControl "40/5400+30:1800+30"]

1. d4 d5 2. Nf3 Nf6 3. c4 c6 4. Nc3 dxc4 5. e4 b5 $1 6. Be2 {[%emt 0:01:01] D15: Slav Defence: 4 Nc3 a6 and gambit lines after 4 Nc3 dxc4.} Bb7 7. O-O {[%emt 0:03:01][%mdl 1024] White has compensation.} e6 $1 8. a4 a6 9. Bg5 h6 {[%emt 0:06:30] Prevents e5.} (9... Nbd7 $15) 10. Bh4 {[%emt 0:15:52] [#]} Be7 $146 (10... Nbd7 $5) ({Predecessor:} 10... g5 11. Bg3 Nbd7 12. h4 b4 13. e5 bxc3 14. exf6 cxb2 15. Rb1 g4 16. Ne5 Nxe5 17. Bxe5 {1-0 (41) Ollier,P (2365)-Huschenbeth,N (2581) Chess.com INT 2017}) 11. e5 Nd5 12. Bxe7 Nxc3 13. Bxd8 (13. bxc3 $5 Qxe7 14. Nd2 $11) 13... Nxd1 14. Rfxd1 {[%emt 0:00:14] [#] aiming for Bc7.} Kxd8 15. Nd2 f5 {[%emt 0:11:25] Prevents Ne4.} (15... Kc7 $15) 16. exf6 $11 gxf6 17. b3 cxb3 ({Much less strong is} 17... c3 18. Ne4 $16) 18. Nxb3 {[%emt 0:00:17] With the idea Nc5.} Kc7 (18... Nd7 $11 {remains equal.}) 19. Rdc1 {[%emt 0:09:21] White is more active.} (19. Nc5 $16) 19... Nd7 {[%emt 0:26:17] The position is equal.} 20. axb5 axb5 21. Rxa8 Rxa8 22. Bxb5 Kd6 23. Be2 Ba6 24. Rxc6+ Kxc6 25. Bf3+ Kb5 26. Bxa8 Kc4 {[%emt 0:16:47] Against d5} 27. Nc5 Nxc5 28. dxc5 Kxc5 29. f3 Kd4 30. Kf2 Ke5 {[%emt 0:00:00] Weighted Error Value: White=0.16 (very precise) /Black=0.17 (very precise)} 1/2-1/2

[Event "Bangabandhu Premier Div League 2022"]
[Site "Dhaka"]
[Date "2022.12.02"]
[Round "3.1"]
[White "Abu Sufian, Shakil"]
[Black "Anata, Choudhury"]
[Result "1-0"]
[ECO "B51"]
[WhiteElo "2229"]
[BlackElo "2176"]
[Annotator "TA"]
[PlyCount "83"]
[EventDate "2022.12.01"]
[EventCountry "BAN"]
[SourceTitle "playchess.com"]
[Source "ChessBase"]
[SourceQuality "1"]
[TimeControl "40/5400+30:1800+30"]

1. e4 c5 2. Nf3 d6 3. Bb5+ Nd7 4. d4 cxd4 5. Qxd4 Ngf6 6. Bg5 a6 {[%emt 0:00:00] The main line 6...a6 scores better than 6...e6.} 7. Bxd7+ Bxd7 8. Nc3 h6 {[%emt 0:00:30] B51: Sicilian: Moscow Variation (3 Bb5+) without 3...Bd7.} 9. Bh4 ({White should play} 9. Bxf6 $16 gxf6 10. O-O) 9... g5 $11 10. Bg3 e5 {[%emt 0:00:30] The position is equal.} 11. Qd3 Be6 12. O-O-O {[%emt 0:00:30] [#]} Rc8 $146 ({Predecessor:} 12... Qa5 13. a3 Rc8 14. Rhe1 Be7 15. Nd2 b5 16. Kb1 b4 17. axb4 Qxb4 {0-1 (71) Maghsoodloo,P (2676)-Indjic,A (2618) Chess.com INT 2020}) 13. Rhe1 Be7 14. Nd5 (14. a3 $11) 14... Nxd5 $1 $15 15. exd5 Bg4 {[%emt 0:00:30] [#]} ({Black should try} 15... Bd7 $15) 16. Bxe5 $1 $14 dxe5 17. d6 {[%emt 0:00:30][%cal Oe1e5] And now Rxe5! would win.} Bf6 {[%emt 0:01:00] Black is now going downhill.} (17... O-O $14 18. dxe7 Qxe7) 18. Nxe5 $1 $18 Bxd1 19. d7+ Kf8 20. dxc8=Q {[%emt 0:00:00] The board is on fire.} Qxc8 21. Nd7+ $1 $40 {[%emt 0:00:00][%mdl 128] White attacks with force.} (21. Kxd1 Kg7 22. Qb3 Rd8+ 23. Kc1 Bxe5 24. Rxe5 Qg4 $11) 21... Kg7 {[%emt 0:00:00][%cal Od1c2] White must now prevent ...Bxc2!} 22. Nxf6 {[%emt 0:02:00] White is more active.} (22. Kxd1 $2 Rd8 23. Kc1 Rxd7 $19) (22. Rxd1 Qc6 $16) (22. Qxd1 $2 Rd8 23. Re4 Rxd7 $19) 22... Kxf6 (22... Qxc2+ $2 23. Qxc2 Bxc2 24. Ne8+ Rxe8 25. Rxe8) 23. Rxd1 $16 {[%emt 0:00:30][%mdl 4096] Endgame KQR-KQR} (23. Qxd1 Re8 $16) (23. Qd4+ Kg6 24. Rxd1 (24. Kxd1 $2 Rd8 $19) 24... Re8 $16) 23... Re8 24. Qh7 $1 (24. Qd4+ $6 Kg6 $16) 24... Rh8 25. Qe4 Re8 {[%emt 0:00:00] [#]} (25... Qb8 $142 26. Rd3 Kg7) 26. Rd6+ $1 $18 (26. Qd4+ $6 Kg6 $16) 26... Re6 {[%emt 0:01:00] [#]} 27. Rxe6+ fxe6 {[%emt 0:00:30] KQ-KQ} 28. Qh7 {[%emt 0:01:30] Inhibits Qc7.} Qc4 29. Qxh6+ (29. Qxb7 Qf1+ 30. Kd2 Qxf2+ 31. Kd3 Qf5+ 32. Qe4 Qb5+ 33. c4 Qxb2 $16) 29... Kf7 30. Qh5+ ({Don't take} 30. Qxg5 Qf1+ 31. Kd2 Qxf2+ 32. Kd3 Qf1+ 33. Kc3 Qe1+ 34. Kb3 b5 35. Qf4+ Ke8 36. Qb8+ Kf7 37. Qc7+ Ke8 38. Qc8+ Ke7 39. Qxa6 Qe3+ 40. c3 Qe2 41. Qb7+ Kd6 42. Qb6+ Ke7 43. Qc5+ Kf7 44. Qc7+ Kf6 45. Qf4+ Ke7) 30... Kf8 31. Qf3+ ({Don't play} 31. Qxg5 Qf1+ 32. Kd2 Qxf2+ 33. Kc3 Qe1+ 34. Kb3 b5 $18) 31... Kg8 32. b3 ({Not} 32. Qxb7 Qf4+ 33. Kb1 Qxf2 $18) 32... Qd4 33. Kb1 {[%emt 0:00:00] Inhibits Qa1+.} b5 34. Qe3 Qd5 35. f3 b4 (35... Kf7 $142 36. c3 Qd6 37. Qxg5 Qxh2) 36. Qe4 {[%emt 0:00:00] Hoping for Qxd5.} Qd6 37. Qg6+ {[%emt 0:00:00] White is clearly winning.} Kf8 38. Qxg5 Qxh2 39. Qf6+ Ke8 40. Qxe6+ Kd8 41. Qb6+ (41. Qf6+ $142 Kd7 42. g4) 41... Kd7 42. Qxb4 {[%emt 0:01:32] Weighted Error Value: White=0.24 (precise) /Black=0.37} 1-0